 Dungeon Crawl Stone Soup version 0.30.0-29-ga12c61a403 (webtiles) character file.

Game seed: 10048121742304814329

9405 Renzlar the Blocker (level 11, 0/89 HPs)
             Began as a Gnoll Fighter on June 17, 2023.
             Was a High Priest of Okawaru.
             Slain by a yak (8 damage)
             ... led by a torpor snail
             ... on level 2 of the Lair of Beasts.
             The game lasted 00:37:56 (7313 turns).

Renzlar the Blocker (Gnoll Fighter)                 Turns: 7313, Time: 00:37:57

Health: 0/89       AC: 15    Str: 19    XL:     11   Next: 46%
Magic:  20/20      EV: 12    Int:  7    God:    Okawaru [*****.]
Gold:   1109       SH:  6    Dex: 13    Spells: 18/23 levels left

rFire   . . .        a - +8 war axe of the Apocalypse {venom, rElec}
rCold   . . .        w - +0 buckler
rNeg    . . .        s - +0 scale mail
rPois   +            A - +0 helmet
rElec   +            f - +1 cloak
rCorr   .            n - +0 pair of gloves
SInv    .            r - +0 pair of boots
Will    +....        (no amulet)
Stlth   ++           e - ring of poison resistance
HPRegen 0.34/turn    v - ring of willpower
MPRegen 0.17/turn

%: no passive effects
@: lethally poisoned (0 -> -6)
A: fangs 1, strong nose, distributed training
a: Renounce Religion, Heroism, Finesse, Duel


You were on level 2 of the Lair of Beasts.
You worshipped Okawaru.
Okawaru was extremely pleased with you.
You visited 3 branches of the dungeon, and saw 11 of its levels.
You also visited: Ossuary.

You collected 1109 gold pieces.

Inventory:

Hand Weapons
 a - the +8 war axe of the Apocalypse (weapon) {venom, rElec}
   (You found it on level 1 of the Lair of Beasts)

   rElec:     It insulates you from electricity.
 b - the +5 trident "Newtslayer" {speed, Int+4}
   (You found it on level 4 of the Dungeon)

   Int:       It affects your intelligence (+4).
 c - a +0 sling
Missiles
 z - 4 throwing nets
 B - a curare-tipped dart
Armour
 f - a +1 cloak (worn)
 n - a +0 pair of gloves (worn)
 r - a +0 pair of boots (worn)
 s - a +0 scale mail (worn)
 w - a +0 buckler (worn)
 A - a +0 helmet (worn)
Jewellery
 e - a ring of poison resistance (left hand)
 i - a +5 ring of evasion
 v - a ring of willpower (right hand)
Wands
 g - a wand of flame (26)
 l - a wand of iceblast (5)
Scrolls
 o - a scroll of amnesia
 q - 5 scrolls of teleportation
 u - a scroll of poison
 x - a scroll of silence
 y - 7 scrolls of identify
Potions
 d - 2 potions of might
 j - a potion of resistance
 k - 4 potions of magic
 m - 2 potions of flight
 p - 3 potions of berserk rage
 t - 8 potions of curing


   Skills:
 + Level 9.3 Fighting
 + Level 6.5 Short Blades
 + Level 6.5 Long Blades
 + Level 8.1 Axes
 + Level 6.5 Maces & Flails
 + Level 6.5 Polearms
 + Level 6.5 Staves
 + Level 6.5 Ranged Weapons
 + Level 6.5 Throwing
 + Level 9.3 Armour
 + Level 6.5 Dodging
 + Level 6.5 Stealth
 + Level 9.3 Shields
 + Level 6.5 Unarmed Combat
 + Level 6.5 Spellcasting
 + Level 5.4 Conjurations
 + Level 5.4 Hexes
 + Level 5.4 Summonings
 + Level 5.4 Necromancy
 + Level 5.4 Translocations
 + Level 5.4 Transmutations
 + Level 5.4 Fire Magic
 + Level 5.4 Ice Magic
 + Level 5.4 Air Magic
 + Level 5.4 Earth Magic
 + Level 5.4 Poison Magic
 + Level 7.2 Invocations
 + Level 6.5 Evocations


You had 18 spell levels left.
You knew the following spells:

 Your Spells              Type           Power      Damage    Failure   Level
a - Frozen Ramparts       Ice            18%        1d3       24%         3
b - Cigotuvi's Dreadful   Necr/Pois/Air  18%        N/A       12%         2

Your spell library contained the following spells:

 Spells                   Type           Power      Damage    Failure   Level
 Freeze                   Ice            36%        1d5       8%          1
 Kiss of Death            Conj/Necr      36%        2d8       8%          1
 Slow                     Hex            36%        N/A       8%          1
 Blink                    Tloc           18%        N/A       12%         2
 Ensorcelled Hibernation  Hex/Ice        18%        N/A       12%         2
 Lesser Beckoning         Tloc           18%        N/A       12%         2
 Momentum Strike          Conj/Tloc      18%        3d8       12%         2
 Passwall                 Tmut/Erth      7%         N/A       12%         2
 Sublimation of Blood     Necr           9%         N/A       12%         2
 Wereblood                Tmut           9%         N/A       12%         2
 Confusing Touch          Hex            9%         N/A       24%         3
 Hailstorm                Conj/Ice       9%         3d4       24%         3
 Spider Form              Tmut/Pois      9%         N/A       24%         3
 Swiftness                Air            9%         N/A       24%         3
 Vampiric Draining        Necr           9%         2d6       24%         3
 Anguish                  Hex/Necr       4%         N/A       61%         4
 Dispel Undead            Necr           9%         3d8       61%         4
 Death Channel            Necr           Unusable   N/A       N/A         6
 Summon Hydra             Summ           Unusable   N/A       N/A         7

Dungeon Overview and Level Annotations

Branches:
Dungeon (8/15)             Temple (1/1) D:6            Lair (2/5) D:8
Ossuary (visited)
  Swamp: Lair:2-3    Shoals: Lair:2-3     Snake: Lair:2-3    Spider: Lair:2-3

Altars:
Cheibriados
Elyvilon
Fedhas
Gozag
Hepliaklqana
Nemelex Xobeh
Okawaru
Qazlal
Sif Muna
Wu Jian
Xom
Yredelemnul

Shops:
D:7 ?


Innate Abilities, Weirdness & Mutations

You have very sharp teeth.
Your uncanny sense of smell can sniff out nearby items.
Your experience applies equally to all skills.


Message History

You closely miss the black mamba.
The black mamba is lightly wounded.
The black mamba bites you. The black mamba bites you!
* * * LOW HITPOINT WARNING * * *
Unknown command.
You slash the black mamba!
The black mamba looks as sick as possible!
Your bite misses the black mamba.
The black mamba is heavily wounded.
You block the black mamba's attack. x2
You closely miss the black mamba.
The black mamba is heavily wounded.
The black mamba bites you.
* * * LOW HITPOINT WARNING * * *
You block the black mamba's attack.
Unknown command.
You feel much better. The black mamba closely misses you.
The black mamba bites you but does no damage.
You slash the black mamba!
The black mamba is almost dead.
The black mamba bites you.
You are poisoned.
The black mamba poisons you! The black mamba closely misses you.
You hit the black mamba.
You kill the black mamba!
Okawaru accepts your kill.
You feel very sick.
You slash the yak!
The yak is poisoned.
The yak is lightly wounded.
You feel very sick. The yak misses you.
You slash the yak!
The yak looks as sick as possible!
You bite the yak.
The yak is heavily wounded.
You feel very sick. The yak gores you!
* * * LOW HITPOINT WARNING * * *
You hit the yak.
The yak looks as sick as possible!
The yak is heavily wounded.
You feel sick. The yak gores you!
You die...

#........
#<.#
##..#
#..##
##.#
#..##
#..P#
##††#
#@## #Y#
##†# #..#
##.# #..
#..# ....
#....


You could see a yak (extremely poisoned).

Vanquished Creatures
  A bog body (Lair:2)
  2 black mambas
  4 cane toads
  3 komodo dragons
  A polar bear (Lair:1)
  A wyvern (Lair:1)
  18 yaks
  A basilisk (Lair:1)
  A steam dragon (D:6)
  2 water moccasins
  2 sky beasts
  3 black bears (D:5)
  An ogre (D:5)
  A centaur (D:6)
  2 kobold brigands (D:7)
  3 phantoms
  7 bullfrogs
  11 scorpions
  A howler monkey (D:6)
  A hound (D:5)
  A jelly (D:7)
  An orc priest (D:3)
  2 gnoll boudas
  2 iguanas
  3 orc wizards
  6 scorpion zombies (Ossuary)
  4 hell rats (Lair:1)
  3 mummies (Ossuary)
  12 gnolls
  12 adders
  A white imp (D:7)
  A worm (D:3)
  3 dart slugs
  15 orcs
  3 endoplasms
  3 giant cockroaches
  2 gnoll zombies (Ossuary)
  5 goblins
  A hobgoblin (D:1)
  5 jackals (D:1)
  2 quokkas
  6 ball pythons
  2 bats
  4 frilled lizards
  A goblin zombie (Ossuary)
  2 hobgoblin zombies (Ossuary)
  12 kobolds
  3 kobold zombies (Ossuary)
  4 orc zombies (Ossuary)
  A rat (D:1)
188 creatures vanquished.

Notes
Turn   | Place    | Note
-------+----------+-------------------------------------------
     0 | D:1      | Renzlar the Gnoll Fighter began the quest for the Orb.
     0 | D:1      | Reached XP level 1. HP: 23/23 MP: 1/1
   146 | D:1      | Reached XP level 2. HP: 29/29 MP: 2/2
   462 | D:1      | Reached XP level 3. HP: 35/35 MP: 3/3
   639 | D:2      | Reached skill level 1 in Invocations
   686 | D:2      | Reached skill level 1 in Short Blades
   686 | D:2      | Reached skill level 1 in Long Blades
   686 | D:2      | Reached skill level 1 in Maces & Flails
   686 | D:2      | Reached skill level 1 in Polearms
   686 | D:2      | Reached skill level 1 in Staves
   686 | D:2      | Reached skill level 1 in Ranged Weapons
   686 | D:2      | Reached skill level 1 in Throwing
   686 | D:2      | Reached skill level 1 in Dodging
   686 | D:2      | Reached skill level 1 in Stealth
   686 | D:2      | Reached skill level 1 in Unarmed Combat
   686 | D:2      | Reached skill level 1 in Spellcasting
   686 | D:2      | Reached skill level 1 in Evocations
   799 | D:2      | Found a basalt altar of Yredelemnul.
  1013 | D:2      | Reached XP level 4. HP: 40/41 MP: 5/5
  1103 | D:3      | Reached skill level 1 in Conjurations
  1103 | D:3      | Reached skill level 1 in Hexes
  1103 | D:3      | Reached skill level 1 in Summonings
  1103 | D:3      | Reached skill level 1 in Necromancy
  1103 | D:3      | Reached skill level 1 in Translocations
  1103 | D:3      | Reached skill level 1 in Transmutations
  1103 | D:3      | Reached skill level 1 in Fire Magic
  1103 | D:3      | Reached skill level 1 in Ice Magic
  1103 | D:3      | Reached skill level 1 in Air Magic
  1103 | D:3      | Reached skill level 1 in Earth Magic
  1103 | D:3      | Reached skill level 1 in Poison Magic
  1123 | D:3      | Reached XP level 5. HP: 44/47 MP: 5/7
  1454 | D:3      | Found an ornate altar of the Wu Jian Council.
  1478 | D:3      | Learned a level 3 spell: Frozen Ramparts
  1862 | D:4      | Identified the +5 trident "Newtslayer" {speed, Int+4}
  1995 | D:4      | Reached XP level 6. HP: 53/53 MP: 8/8
  2146 | D:4      | Reached skill level 5 in Axes
  2289 | D:5      | Entered Level 5 of the Dungeon
  2410 | D:5      | Found a hazy altar of Hepliaklqana.
  2460 | D:5      | Reached XP level 7. HP: 60/60 MP: 10/10
  2680 | D:5      | Found a sand-covered staircase.
  2685 | Ossuary  | Entered an ossuary
  2798 | Ossuary  | Reached XP level 8. HP: 67/67 MP: 12/12
  3242 | D:6      | Reached XP level 9. HP: 68/73 MP: 14/14
  3495 | D:6      | Found a staircase to the Ecumenical Temple.
  3504 | Temple   | Entered the Ecumenical Temple
  3509 | Temple   | Became a worshipper of Warmaster Okawaru
  4336 | D:7      | Reached * piety under Okawaru
  4566 | D:7      | Found Vumequ's Magic Scroll Boutique.
  4590 | D:7      | Reached skill level 5 in Invocations
  5237 | D:8      | Found a staircase to the Lair.
  5245 | Lair:1   | Entered Level 1 of the Lair of Beasts
  5245 | Lair:1   | Noticed a polar bear
  5261 | Lair:1   | Killed a polar bear
  5266 | Lair:1   | Learned a level 2 spell: Cigotuvi's Dreadful Rot
  5421 | D:8      | Reached skill level 5 in Short Blades
  5421 | D:8      | Reached skill level 5 in Long Blades
  5421 | D:8      | Reached skill level 5 in Maces & Flails
  5421 | D:8      | Reached skill level 5 in Polearms
  5421 | D:8      | Reached skill level 5 in Staves
  5421 | D:8      | Reached skill level 5 in Ranged Weapons
  5421 | D:8      | Reached skill level 5 in Throwing
  5421 | D:8      | Reached skill level 5 in Dodging
  5421 | D:8      | Reached skill level 5 in Stealth
  5421 | D:8      | Reached skill level 5 in Unarmed Combat
  5421 | D:8      | Reached skill level 5 in Spellcasting
  5421 | D:8      | Reached skill level 5 in Evocations
  5421 | D:8      | Reached XP level 10. HP: 71/81 MP: 17/17
  5473 | Lair:1   | Reached ** piety under Okawaru
  5476 | Lair:1   | Noticed a black mamba
  5491 | Lair:1   | Killed a black mamba
  5869 | Lair:1   | Reached *** piety under Okawaru
  6149 | Lair:1   | Noticed a cane toad
  6160 | Lair:1   | Killed a cane toad
  6315 | Lair:1   | Identified the +8 war axe of the Apocalypse {venom, rElec}
  6320 | Lair:1   | Identified a scroll of acquirement
  6320 | Lair:1   | Acquired 577 gold pieces
  6372 | Lair:1   | Reached **** piety under Okawaru
  6373 | Lair:1   | Reached skill level 5 in Conjurations
  6373 | Lair:1   | Reached skill level 5 in Hexes
  6373 | Lair:1   | Reached skill level 5 in Summonings
  6373 | Lair:1   | Reached skill level 5 in Necromancy
  6373 | Lair:1   | Reached skill level 5 in Translocations
  6373 | Lair:1   | Reached skill level 5 in Transmutations
  6373 | Lair:1   | Reached skill level 5 in Fire Magic
  6373 | Lair:1   | Reached skill level 5 in Ice Magic
  6373 | Lair:1   | Reached skill level 5 in Air Magic
  6373 | Lair:1   | Reached skill level 5 in Earth Magic
  6373 | Lair:1   | Reached skill level 5 in Poison Magic
  6373 | Lair:1   | Reached XP level 11. HP: 71/89 MP: 20/20
  7097 | Lair:2   | Noticed a bog body
  7110 | Lair:2   | Killed a bog body
  7117 | Lair:2   | Reached ***** piety under Okawaru
  7302 | Lair:2   | Received a gift from Okawaru
  7313 | Lair:2   | Slain by a yak

Illustrated notes

Levels and vault maps discovered:
D:1:      dpeg_arrival_leaves_temple_mockup, layout_rooms
D:2:      layout_basic, basic_altar, chequers_serial_rivers_micro_a
D:3:      layout_rooms, mainiacjoe_overflow_alcove_2
D:4:      layout_cave_pools, kennysheep_generic_room_8
D:5:      layout_gridville, mainiacjoe_overflow_alcove_1, enter_ossuary_5
D:6:      layout_gridville, minmay_temple_entry_statues_fountains,
          grunt_ministairs_14, hangedman_abyss_or_decor_slice,
          skrybe_limestone_x
D:7:      layout_basic, serial_shops, nicolae_shop_crystal
D:8:      layout_layer_cave, dpeg_oklobed_lair, gammafunk_ghost_nasty_kobolds,
          reono_crystal_passage, nicolae_specific_store,
          dreamdust_mushroom_princess
Temple:   compressed_dpeg_triangle_lava_temple
Lair:1:   layout_regular_city, chequers_serial_rivers_micro_b,
          serial_bayou_shore_b
Lair:2:   layout_small_grid, skrybe_swamp_entry_bodies,
          nicolae_spider_entry_lesser_pyramids, ebering_ghost_funeral_grove,
          grunt_megastairs_2

Skill      XL: |  1  2  3  4  5  6  7  8  9 10 11 |
---------------+----------------------------------+-----
Invocations    | 1 2 3 4 5 6 7 |  7.2
Short Blades   | 1 2 3 5 6 |  6.5
Long Blades    | 1 2 3 5 6 |  6.5
Maces & Flails | 1 2 3 5 6 |  6.5
Polearms       | 1 2 3 5 6 |  6.5
Staves         | 1 2 3 5 6 |  6.5
Ranged Weapons | 1 2 3 5 6 |  6.5
Throwing       | 1 2 3 5 6 |  6.5
Dodging        | 1 2 3 5 6 |  6.5
Stealth        | 1 2 3 5 6 |  6.5
Unarmed Combat | 1 2 3 5 6 |  6.5
Spellcasting   | 1 2 3 5 6 |  6.5
Evocations     | 1 2 3 5 6 |  6.5
Conjurations   | 1 2 3 4 5 |  5.4
Hexes          | 1 2 3 4 5 |  5.4
Summonings     | 1 2 3 4 5 |  5.4
Necromancy     | 1 2 3 4 5 |  5.4
Translocations | 1 2 3 4 5 |  5.4
Transmutations | 1 2 3 4 5 |  5.4
Fire Magic     | 1 2 3 4 5 |  5.4
Ice Magic      | 1 2 3 4 5 |  5.4
Air Magic      | 1 2 3 4 5 |  5.4
Earth Magic    | 1 2 3 4 5 |  5.4
Poison Magic   | 1 2 3 4 5 |  5.4
Axes           | 5 6 7 8 |  8.1
Fighting       | 7 8 9 |  9.3
Armour         | 7 8 9 |  9.3
Shields        | 7 8 9 |  9.3

Action                     |  1- 3 |  4- 6 |  7- 9 | 10-12 || total
---------------------------+-------+-------+-------+-------++-------
  Melee: War axe           |    82 |    81 |    14 |    54 ||   231
         Bite              |     7 |     8 |    36 |    35 ||    86
         Trident           |       |    48 |   330 |   200 ||   578
   Fire: Sling             |       |     9 |    82 |    21 ||   112
   Cast: Cigotuvi's Dreadf |       |       |       |     1 ||     1
    Use: Scroll            |     4 |     9 |     7 |     3 ||    23
         Potion            |       |       |       |     3 ||     3
 Armour: Scale mail        |    33 |    32 |    66 |    39 ||   170
  Dodge: Dodged            |    50 |    48 |   150 |    97 ||   345
  Block: Buckler           |    19 |    25 |    61 |    37 ||   142
